[Event "VII Totalizator Sportowy 2022"]
[Site "Bydgoszcz"]
[Date "2022.06.29"]
[Round "5.6"]
[White "Sernecki, Franciszek"]
[Black "Gumularz, Szymon"]
[Result "0-1"]
[ECO "A40"]
[WhiteElo "2272"]
[BlackElo "2513"]
[Annotator "TA"]
[PlyCount "60"]
[EventDate "2022.06.25"]
[EventType "swiss"]
[EventCountry "POL"]
[SourceTitle "playchess.com"]
[Source "ChessBase"]
[SourceQuality "1"]
[TimeControl "40/5400+30:1800+30"]

1. d4 g6 2. e4 d6 3. c4 Bg7 4. Nc3 c5 5. d5 Bxc3+ 6. bxc3 e5 $1 {[%emt 0:00:09][%mdl 4] is recently more successful than 6...Qa5. A43: Schmid Benoni.} 7. dxe6 Bxe6 8. Bf4 Nf6 {[%emt 0:06:05] [#] The position is equal.} 9. Qxd6 $146 (9. Bxd6 Nxe4 10. Bf4 Nc6 11. Qxd8+ Rxd8 $17) (9. f3 $11 {keeps the balance.}) ({Predecessor:} 9. e5 dxe5 10. Qxd8+ Kxd8 11. Bxe5 Ke7 12. O-O-O Rc8 13. Nf3 Ne4 14. Rg1 Nd7 15. Bg3 Nxc3 {0-1 (72) Ezat,M (2408)-Vrolijk,L (2480) Chess.com INT 2020}) 9... Qxd6 $17 10. Bxd6 Nxe4 11. Bf4 Nc6 (11... Nxc3 $2 12. Be5 O-O 13. Bxc3 $18) 12. Rc1 {[%emt 0:03:08] [#]} (12. f3 $142 Nxc3 13. a4) 12... O-O-O $1 {[%emt 0:03:06] Black is more active.} 13. Be3 b6 14. Nf3 Na5 15. Ng5 Nxg5 16. Bxg5 Rd6 (16... Bxc4 17. Bxd8 Re8+ 18. Kd2 Rxd8+ 19. Ke3 $11) (16... Rde8 17. f3 $17) 17. Rd1 Rxd1+ ({Inferior is} 17... Nxc4 18. Bxc4 Rxd1+ 19. Kxd1 $17) 18. Kxd1 Re8 ({Not} 18... Bxc4 19. Bxc4 Nxc4 20. Re1 $17) ({Weaker is} 18... Nxc4 19. Kc2 $17) 19. Be2 Bxc4 20. Bg4+ Kc7 21. a3 Bd5 22. h4 Bxg2 23. Rh2 Bc6 24. h5 f5 25. hxg6 hxg6 26. Rh7+ Kc8 27. Bh3 $2 (27. Be2 Ba4+ 28. Kd2) 27... Ba4+ (27... Bf3+ $142 28. Kc2 Re2+ 29. Kd3 c4+ 30. Kd4 Re4+ 31. Kd5 Rh4+ 32. Ke5 Rxh7) 28. Kc1 Re2 {[%emt 0:02:22] [#] ...Nb3+ is the strong threat.} 29. Rxa7 (29. Bg2 $142) 29... Rc2+ $19 30. Kb1 Rxf2 {[%emt 0:00:07] Weighted Error Value: White=0.60/Black=0.31} 0-1

[Event "VII Totalizator Sportowy 2022"]
[Site "Bydgoszcz"]
[Date "2022.06.29"]
[Round "5.7"]
[White "Fiedorek, Michal"]
[Black "Janik, Igor"]
[Result "1/2-1/2"]
[ECO "B29"]
[WhiteElo "2315"]
[BlackElo "2525"]
[Annotator "TA"]
[PlyCount "142"]
[EventDate "2022.06.25"]
[EventType "swiss"]
[EventCountry "POL"]
[SourceTitle "playchess.com"]
[Source "ChessBase"]
[SourceQuality "1"]
[TimeControl "40/5400+30:1800+30"]

1. e4 c5 2. Nf3 Nf6 3. e5 Nd5 4. Nc3 Nxc3 5. dxc3 Nc6 6. Bf4 Qb6 {[%emt 0:00:10] B29: Sicilian: 2 Nf3 Nf6 (Nimzowitsch Variation).} 7. Rb1 Qc7 8. Qd2 e6 9. Bd3 h6 10. h4 b6 {[%emt 0:01:35] [#]} 11. Qe3 $146 ({Predecessor:} 11. h5 Bb7 12. Rh4 O-O-O 13. b4 Kb8 14. a4 cxb4 15. cxb4 d6 16. exd6 Bxd6 17. Bxd6 Qxd6 {½-½ (34) Ronka,E (2283)-Sklyarov,D (2455) Kuopio 2018}) 11... Bb7 12. O-O Ne7 13. c4 {[%emt 0:07:08] Prevents Nd5.} g6 14. Be4 Nf5 15. Qd3 Be7 16. h5 g5 (16... O-O-O $1 $15) 17. Bh2 $14 ({Of course not} 17. Bxf5 exf5 18. Bd2 Be4 $15) 17... Bxe4 18. Qxe4 Qc6 19. Qxc6 dxc6 20. g4 Nd4 21. Nxd4 cxd4 22. Rbd1 c5 23. Kg2 a6 24. a4 O-O 25. f4 b5 26. b3 bxc4 27. bxc4 Rab8 28. Rb1 Rfc8 {[%emt 0:00:04] White must now prevent ...Rb4.} 29. Rfd1 Bd8 30. Kf3 Kh7 31. f5 Kg7 32. Ke4 Kf8 33. Rb3 ({White should try} 33. Bg3 $11) 33... Rxb3 $1 $15 34. cxb3 {[%emt 0:00:05][%mdl 4096] Endgame KRB-KRB} Rb8 35. Rb1 Ke7 36. Bg3 Ba5 $1 37. f6+ Kd7 38. Kd3 Kc6 39. Kc2 d3+ (39... Bc3 $15) 40. Kxd3 $11 Rd8+ 41. Ke2 Rd2+ $1 42. Ke3 Rg2 43. Kf3 Rc2 44. Ke4 $1 Bc3 (44... Rg2 $5 45. Kf3 Rc2 $11) 45. Rd1 {[%emt 0:07:38] [#] Rd6+ is the strong threat.} Bd4 {[%emt 0:00:26] Threatens to win with ...Re2+.} 46. Rd3 Kb6 47. Kf3 Rb2 48. Ke4 Rb1 {[%emt 0:00:13] And now ...Ka5 would win.} 49. Kf3 $1 Rb2 50. Ke4 Kc7 51. Kf3 Kc6 52. Ke4 Kb6 53. Kf3 $1 Rc2 54. Ke4 Rc1 55. Kf3 $1 Ka5 56. Ke2 Rg1 57. Be1+ Kb6 58. Bg3 Rg2+ 59. Kf3 Ra2 60. Ke4 Ra1 61. Kf3 $1 Rf1+ 62. Ke2 Rg1 63. Kf3 Ka5 64. Ke2 Kb4 65. Be1+ Ka3 66. a5 Rxg4 {aiming for ...Kb2.} 67. b4+ Ka4 $2 {[%mdl 8192] [#]} (67... Kb2 $1 $11 {and Black has nothing to worry.}) 68. bxc5 $2 ({White has to play} 68. b5 $1 $18 Rg2+ 69. Kd1) 68... Bxe5 {The position is equal.} (68... Bxc5 $5 69. Rd7 Re4+ 70. Kf1 Rxe5 71. Rxf7 Kb3 $15) 69. Rd7 Re4+ 70. Kd1 Rxc4 71. Rxf7 {Strongly threatening Re7.} Rxc5 {Weighted Error Value: White=0.06 (flawless) /Black=0.05 (flawless)} 1/2-1/2

[Event "VII Totalizator Sportowy 2022"]
[Site "Bydgoszcz"]
[Date "2022.06.29"]
[Round "5.8"]
[White "Jarmula, Lukasz"]
[Black "Ulasevich, Sergei"]
[Result "1-0"]
[ECO "A45"]
[WhiteElo "2459"]
[BlackElo "2217"]
[Annotator "TA"]
[PlyCount "93"]
[EventDate "2022.06.25"]
[EventType "swiss"]
[EventCountry "POL"]
[SourceTitle "playchess.com"]
[Source "ChessBase"]
[SourceQuality "1"]
[TimeControl "40/5400+30:1800+30"]

1. d4 Nf6 2. Bf4 d5 3. e3 c5 4. Nf3 Nc6 5. Nbd2 Qb6 6. dxc5 {[%emt 0:00:21] D02: 1 d4 d5 2 Nf3 sidelines, including 2...Nf6 3 g3 and 2...Nf6 3 Bf4.} Qxb2 7. Rb1 Qc3 8. Bb5 {[%emt 0:00:07] The position is equal.} g6 {[%emt 0:00:20] now scores much better than the old 8...e6.} 9. O-O {[%emt 0:00:32] Strongly threatening Be5.} Bg7 $1 10. Nb3 {[%emt 0:00:12][%cal Oe3e4,Bd2b3,Bb3c1,Bc1d3,Bd3e5,Be5c6][%mdl 32] e4! is the strong threat.} O-O 11. Bxc6 bxc6 12. Be5 $36 {[%emt 0:00:06][%mdl 2048] Black is under pressure.} Qc4 13. Qd4 (13. Qd3 {seems wilder.} Ba6 14. Rfd1 Qa4 15. Qd4) 13... Qxd4 (13... Ba6 {is interesting.} 14. Qb2 Qa4 15. Rfc1 Rac8) 14. exd4 a5 {[%emt 0:01:54] [#]} 15. Nc1 $146 ({Predecessor:} 15. a4 Bf5 16. Rb2 Ne4 17. Bxg7 Kxg7 18. Ne5 Rfc8 19. g4 f6 20. Nxc6 Rxc6 21. gxf5 gxf5 {½-½ (102) Demchenko,A (2632)-Abdusattorov,N (2627) Chess.com INT 2020}) 15... Bg4 (15... Ba6 $11) 16. Re1 Ra7 17. Nd3 Bh6 (17... Rc8 $14) 18. Bb8 $1 $16 Ra8 19. Bg3 Be6 (19... Ra7 $142) 20. Nde5 Rfc8 21. Rb6 Ne4 22. Nxc6 {[%emt 0:02:55] Pair of Knights!} Kf8 23. Nce5 {[%emt 0:02:04] White is much more active.} Ra7 24. a3 (24. h3 $18) 24... Bf5 25. c4 f6 26. Nc6 (26. cxd5 fxe5 27. Nxe5 Bd2 $15) 26... Rxc6 27. Rxc6 dxc4 28. d5 (28. Rb6 $16) 28... c3 $1 $11 {[%emt 0:01:08] White must now prevent ...c2.} 29. Nd4 {[%emt 0:01:03] aiming for d6.} Bd2 $1 30. Ra1 Rb7 (30... a4 $1 $11 {keeps the balance.}) 31. Rb6 (31. Rc7 $16 Rb2 32. d6) 31... Nxc5 $15 32. Rxb7 Nxb7 33. Nxf5 $2 (33. Nf3 $15 Nc5 34. Nxd2 cxd2 35. Rd1) 33... gxf5 {[%emt 0:00:36][%cal Bg6f5,Bf5f4][%mdl 4128] Endgame KRB-KBN} 34. Ra2 f4 35. Bh4 Nd6 36. f3 Nb5 $2 (36... Nf5 $1 $19 37. d6 Ke8) 37. Bf2 (37. Kf1 $1 $11) 37... Nxa3 $2 38. Bc5 $16 ({Stronger than} 38. Rxa3 c2 39. Ra1 c1=Q+ 40. Rxc1 Bxc1 $17) 38... Nc4 {[%emt 0:01:16] [#]} 39. Kf2 $1 {[%emt 0:02:09][%mdl 1024] White has strong compensation.} Nb2 ({Better is} 39... a4) 40. Ke2 a4 (40... Kf7 $16 41. Rxa5 c2 42. Kxd2 Nc4+ 43. Kxc2 Nxa5) 41. Ba3 Bc1 $2 (41... Be3 $16 {is a better defense.} 42. Bxb2 cxb2 43. Rxb2 Bc5) 42. Bb4 $18 Bd2 43. Ra3 Nc4 (43... Ke8 {was called for.} 44. Bxc3 Bxc3) 44. Rxa4 {[%emt 0:01:13] Threatens to win with Ra8+.} Ne3 (44... Nb6 $142) 45. d6 {[%emt 0:00:38] White is clearly winning.} exd6 46. Bxd6+ {[%emt 0:00:13][%mdl 64] Discovered Attack, Double Attack} ({Weaker is} 46. Kd3 Nxg2 47. Bxc3 (47. Bxd6+ Kg7 $16) 47... Bxc3 $16) 46... Kf7 47. Bxf4 {[%emt 0:01:07] Never resign too early!  Weighted Error Value: White=0.41/Black=0.49} 1-0

[Event "VII Totalizator Sportowy 2022"]
[Site "Bydgoszcz"]
[Date "2022.06.29"]
[Round "5.9"]
[White "Kosakowski, Jakub"]
[Black "Kacprzak, Kacper"]
[Result "1-0"]
[ECO "C89"]
[WhiteElo "2435"]
[BlackElo "2238"]
[Annotator "TA"]
[PlyCount "86"]
[EventDate "2022.06.25"]
[EventType "swiss"]
[EventCountry "POL"]
[SourceTitle "playchess.com"]
[Source "ChessBase"]
[SourceQuality "1"]
[TimeControl "40/5400+30:1800+30"]

1. e4 e5 2. Nf3 Nc6 3. Bb5 a6 4. Ba4 Nf6 5. O-O Be7 6. Re1 b5 7. Bb3 O-O 8. c3 d5 9. exd5 Nxd5 10. Nxe5 Nxe5 11. Rxe5 c6 12. d3 Bd6 13. Re1 Bf5 14. Qf3 Re8 {[%emt 0:01:54] C89: Closed Ruy Lopez: Marshall Attack.} 15. Rxe8+ Qxe8 {[%emt 0:00:04][%cal Re8e1] [#]} 16. Nd2 Qe1+ {[%emt 0:00:05] White is slightly better.} 17. Nf1 Bg6 18. g3 Re8 19. Bd1 $1 {[%emt 0:00:57] [#]} b4 $146 ({Black should try} 19... Qe7 $14) ({Predecessor:} 19... a5 20. Bd2 Qe5 21. a4 b4 22. Bb3 Rb8 23. Re1 Qf5 24. Qxf5 Bxf5 25. c4 Nc7 {1-0 (38) Saric,I (2646)-Adams,M (2701) Chess.com INT 2020}) 20. Bd2 $16 Qe5 21. Bb3 {[%emt 0:12:01] Threatens to win with Re1.} Qf5 22. Qxf5 Bxf5 23. Bc4 a5 24. Ne3 Be6 25. cxb4 axb4 26. Rc1 Be5 27. Bb3 Bxb2 28. Rxc6 Nc3 29. Bxe6 fxe6 30. Nc4 Ne2+ {[%emt 0:07:28] [#]} 31. Kf1 $1 Nd4 32. Ra6 Bc3 33. Be3 Nf5 34. Ke2 h5 35. h3 Rb8 (35... Rf8 $16 36. Bb6 (36. Rxe6 h4 $16) 36... Bd4 37. Bxd4 Nxd4+ 38. Kf1 g5) 36. Na5 Kf7 (36... Rb5 $16 37. g4 Nd4+ 38. Bxd4 Bxd4) 37. g4 hxg4 38. hxg4 Ne7 (38... Nxe3 $16 39. fxe3 (39. Kxe3 Rh8 $16) 39... Rh8) 39. Ra7 $18 Rc8 40. Nc4 Kf8 41. Nb6 Rc6 42. Bc5 $1 Bf6 (42... Kg8 43. d4 (43. Rxe7 Rxc5 44. Nc4 Rc8 $16) (43. Bxe7 Rxb6 44. f4 Bf6 $16) 43... Ng6) 43. Nd7+ Kf7 {[%emt 0:00:09] Weighted Error Value: White=0.07 (flawless) /Black=0.35} 1-0

[Event "VII Totalizator Sportowy 2022"]
[Site "Bydgoszcz"]
[Date "2022.06.29"]
[Round "5.10"]
[White "Hnydiuk, Aleksander"]
[Black "Jarocka, Liwia"]
[Result "1/2-1/2"]
[ECO "E04"]
[WhiteElo "2394"]
[BlackElo "2006"]
[Annotator "TA"]
[PlyCount "62"]
[EventDate "2022.06.25"]
[EventType "swiss"]
[EventCountry "POL"]
[SourceTitle "playchess.com"]
[Source "ChessBase"]
[SourceQuality "1"]
[TimeControl "40/5400+30:1800+30"]

1. Nf3 Nf6 2. c4 e6 3. g3 d5 4. d4 dxc4 5. Bg2 a6 6. O-O Nc6 7. Qd2 {[%emt 0:00:43] E04: Open Catalan: 5 Nf3.} Rb8 8. Ne5 Nxe5 9. dxe5 {[%emt 0:00:05] The position is equal.} Qxd2 10. Nxd2 Nd5 (10... c3 $11 11. bxc3 (11. exf6 cxd2 12. fxg7 Bxg7 $11) 11... Nd5) 11. Nxc4 $14 {[%emt 0:00:22] [#]} b5 $146 ({Predecessor:} 11... Be7 12. Bd2 O-O 13. Rfd1 Rd8 14. e4 Nb6 15. Nxb6 cxb6 16. Be3 Rxd1+ 17. Rxd1 b5 {½-½ (56) Lysyj,I (2593)-Bocharov,D (2528) Khanty-Mansiysk 2020}) 12. Nd2 Bc5 13. Rd1 Bb7 14. Ne4 Bb6 15. b3 O-O 16. Bb2 Rfd8 17. Rac1 Ba8 18. Ba3 (18. Nc5 $14 {deserves consideration.}) 18... a5 (18... Ne3 {seems wilder.} 19. fxe3 Bxe3+ 20. Nf2 Bxc1 21. Bxc1 Rxd1+ 22. Nxd1 Rd8) 19. Bc5 b4 20. Bxb6 cxb6 21. Bf3 Kf8 22. Rc4 Rdc8 23. Rxc8+ Rxc8 24. Nd6 Rc2 25. Nc4 {[%emt 0:00:06] [#] Hoping for e4.} Ke7 (25... b5 $1 $15 26. Nxa5 Rxa2) 26. Bxd5 (26. Ra1 $11) 26... Bxd5 $15 27. Nxb6 Rxe2 28. Nxd5+ exd5 29. Rxd5 Rxa2 $11 {[%emt 0:00:08] KR-KR} 30. Kg2 Ra3 (30... Ke6 $5 31. Rc5 Ra3 $15) 31. h4 (31. f4 $1 $11 {keeps the balance.}) 31... h5 {[%emt 0:01:38] Weighted Error Value: White=0.27 (precise) /Black=0.10 (very precise)} ({And not} 31... Rxb3 32. Rxa5 Rc3 33. Rb5 $17) 1/2-1/2

[Event "VII Totalizator Sportowy 2022"]
[Site "Bydgoszcz"]
[Date "2022.06.29"]
[Round "5.11"]
[White "Malek, Jan"]
[Black "Golubka, Petro"]
[Result "1-0"]
[ECO "C75"]
[WhiteElo "2316"]
[BlackElo "2380"]
[Annotator "TA"]
[PlyCount "79"]
[EventDate "2022.06.25"]
[EventType "swiss"]
[EventCountry "POL"]
[SourceTitle "playchess.com"]
[Source "ChessBase"]
[SourceQuality "1"]
[TimeControl "40/5400+30:1800+30"]

1. e4 e5 2. Nf3 Nc6 3. Bb5 Nge7 4. c3 a6 5. Ba4 d6 6. d4 Bd7 7. Be3 Ng6 8. h4 h5 {[%emt 0:00:14] C75: Ruy Lopez: Deferred Steinitz: 5 c3 Bd7 6 d4 without ...g6.} 9. g3 Be7 10. d5 Nb8 {[%emt 0:04:46][%cal Bc6b8,Bb8d7,Bd7f6][%mdl 32] White is better.} 11. Bxd7+ Nxd7 12. c4 Nf6 13. Nc3 Ng4 14. Qa4+ Qd7 15. Qxd7+ Kxd7 {[%emt 0:00:07] [#]} 16. Ke2 $146 ({Predecessor:} 16. Bd2 f6 17. Ke2 Raf8 18. b4 f5 19. Ng5 fxe4 20. Ncxe4 Nf6 21. Nxf6+ gxf6 22. Ne6 {½-½ (40) Immonen,V (1926)-Tuovinen,J (2171) Helsinki 2010}) 16... Nxe3 17. fxe3 Nf8 18. b4 Ke8 19. Nd2 Nd7 20. Nb3 b6 21. Kd3 Rh6 22. a4 Rg6 23. a5 (23. Rhg1 $11) 23... Rxg3 $17 24. b5 Nb8 (24... bxa5 $15 25. Rxa5 Rb8 26. Rxa6 Rc8) 25. Ra4 Nd7 26. axb6 Nxb6 27. Rxa6 Rg4 {[%emt 0:05:47] [#]} (27... Rc8 $11) 28. Na4 $1 $16 Rb8 (28... Rxh4 $2 29. Rxh4 Bxh4 30. Nxb6 $18) 29. Ra1 (29. Nxb6 $16 {And now Na8 would win.} cxb6 30. Nd2) 29... Bxh4 $11 30. Na5 {[%emt 0:00:08] Threatens to win with Nc6.} f5 (30... Nd7 $1 $11) 31. Nc6 {[%emt 0:02:24] Pair of Knights!} (31. exf5 e4+ 32. Kc2 Bf6 $19) 31... fxe4+ 32. Kc2 {[%emt 0:00:01] White is more active.} (32. Kc3 $14 Nxa4+ 33. R6xa4) 32... Rg2+ (32... Nxc4 $11 {remains equal.} 33. Nxb8 Nxe3+ 34. Kb3 Nxd5) 33. Kb3 $1 $16 Rb7 (33... Nxa4 $16 {keeps fighting.} 34. R1xa4 Rc8) 34. Na5 $2 (34. Nxb6 $18 {is the precise move to win.} cxb6 35. Rf1) 34... Rb8 {[%emt 0:00:59] White must now prevent ...Nxa4.} 35. Nc6 $2 (35. Nxb6 $1 $16 cxb6 36. Nc6) 35... Rb7 $18 36. Nxb6 cxb6 {[%emt 0:00:17] [#]} ({Not} 36... Rxb6 37. Ra8+ Kf7 38. R8a7 $18) 37. Rf1 {[%emt 0:00:01] Intending Ra8+ and mate.} Bf6 $2 (37... Rf2 38. Ra8+ Kd7) 38. c5 $2 (38. Ra8+ $18 Kd7 39. Rf8) 38... dxc5 $2 (38... bxc5 $14 39. b6 Re2) 39. Ra8+ Kd7 {[%emt 0:00:07] [#] Strongly threatening ...Kd6.} 40. Rxf6 $1 {[%emt 0:00:00][%mdl 512] Weighted Error Value: White=0.42/Black=0.52} 1-0

[Event "VII Totalizator Sportowy 2022"]
[Site "Bydgoszcz"]
[Date "2022.06.29"]
[Round "5.12"]
[White "Navaratnam, Rohan Shan Tze"]
[Black "Kowalski, Igor"]
[Result "1/2-1/2"]
[ECO "D71"]
[WhiteElo "2071"]
[BlackElo "2370"]
[Annotator "TA"]
[PlyCount "155"]
[EventDate "2022.06.25"]
[EventType "swiss"]
[EventCountry "POL"]
[SourceTitle "playchess.com"]
[Source "ChessBase"]
[SourceQuality "1"]
[TimeControl "40/5400+30:1800+30"]

1. d4 Nf6 2. c4 g6 3. g3 c6 4. Bg2 d5 5. Qa4 Nfd7 6. cxd5 {[%emt 0:00:11] D71: Fianchetto Grünfeld: 3 g3 d5 sidelines and 5 cxd5 (without Nf3).} Nb6 7. Qd1 cxd5 8. Nc3 Bg7 9. e3 O-O 10. Nge2 Nc6 11. O-O Bg4 {[%emt 0:05:30] [#]} 12. b3 $146 ({Predecessor:} 12. a4 Bxe2 13. Qxe2 e6 14. b3 Nc8 15. Bd2 Re8 16. Rfc1 {½-½ (16) Mchedlishvili,M (2595)-Sindarov,J (2609) Tashkent 2022}) 12... e5 {[%emt 0:02:19][%cal Be7e5,Be5d4][%mdl 32] ...exd4 is the strong threat.} 13. h3 exd4 14. hxg4 dxc3 15. Ba3 Re8 16. Rc1 d4 17. exd4 Nxd4 18. Nxc3 Rc8 19. Ne4 (19. Bxb7 $2 Rxc3 $1 20. Rxc3 Ne2+ 21. Kg2 Nxc3 $19) 19... f5 (19... Nb5 $11 20. Bb4 Rxc1 21. Qxc1 Nd5) 20. Rxc8 Nxc8 21. gxf5 gxf5 22. Nc3 Ne7 23. Qd3 (23. Ne2 $18) 23... Nec6 (23... f4 $1 $14) 24. Qc4+ Kh8 25. Qf7 (25. Rd1 $1 $16) 25... Nc2 $2 (25... Ne5 $11 26. Qxb7 f4 27. gxf4 Nd3) 26. Rd1 $18 (26. Qxb7 Na5 27. Qf7 Bxc3 $11) 26... N6d4 27. Bc5 {[%emt 0:06:40] A strong pair of Bishops.} ({White should try} 27. Nb5 $1 $18 ) 27... b6 $16 28. Bxd4 Nxd4 29. Nb5 $1 {[%emt 0:07:03] Hoping for Nxd4.} (29. Qxa7 f4 $14) 29... Re7 30. Qh5 Rd7 {[%emt 0:09:30] [#]} 31. Re1 $1 {[%emt 0:02:04] Black must now prevent Re8+.} Re7 {[%emt 0:00:14] Prevents Re8+.} 32. Rxe7 Qxe7 33. Nxd4 Bxd4 34. Qxf5 {[%emt 0:00:10][%mdl 4096] Endgame And now Qc8+ would win. KQB-KQB} Qf6 35. Qc8+ Kg7 36. Qg4+ Kf8 37. Bf3 a5 38. Kg2 (38. Qc8+ Kg7 39. Qg4+ (39. Kg2 h5 $16) 39... Kf8 40. Qc8+ Ke7 $16) 38... Bc5 39. Qc8+ Kg7 40. Qd7+ Qf7 41. Qd2 h6 (41... Qe7 $142 42. a4 Qd6 43. Qg5+ Qg6) 42. Bd5 (42. Bg4 $142) 42... Qf6 43. Be4 Qd6 {[%emt 0:02:40] Inhibits Qd7+.} 44. Qe2 Qe6 45. Qd3 Qd6 46. Qf3 Qf6 47. Bf5 (47. Qg4+ $142 Kf8 48. f4 (48. Qc8+ Ke7 $16)) 47... Qd4 48. Be6 {[%emt 0:00:34] Threatening mate with Qf7+.} Qf6 {[%emt 0:00:42] Against Qf7+} 49. Bf5 Qd4 $1 50. Bd3 Qf6 ({Better is} 50... h5) 51. Qg4+ Kf8 52. Bf5 (52. f3 $142) 52... Qd4 53. Qf3 Kg7 $1 54. Be6 {[%emt 0:01:41] Qf7+ would kill now.} Qf6 {[%emt 0:00:58] Against Qf7+} 55. Qg4+ Kf8 (55... Qg6 $142) 56. f4 Ke7 57. Bc4 Kd6 58. Qg8 Kc7 59. Bd5 Qe7 60. Be6 {[%emt 0:00:35] White is more active.} Kd6 61. f5 (61. Bg4 $1 $18) 61... Qb7+ $14 62. Kh2 Qf3 {[%emt 0:02:14] Against Qg4} 63. Qd8+ Ke5 64. Qb8+ Kf6 $1 65. Qh8+ Ke7 66. Qh7+ $1 (66. Qxh6 $2 Qf2+ 67. Kh3 Qf1+ 68. Kg4 Qd1+ 69. Kf4 Qd2+ 70. Ke4 Qxh6 $19) 66... Kd6 {[%emt 0:00:12] [#]} 67. Bc4 $1 ({Don't go for} 67. Qxh6 $2 Qf2+ 68. Kh3 Qf1+ 69. Kg4 Qd1+ 70. Kg5 Be3+ 71. Kh4 Qh1+ 72. Kg4 Qxh6 $19) 67... Qe3 68. Kh3 Bd4 69. Qg6+ Kc5 70. Bf1 (70. Qg4 $16) 70... Qf2 71. Bg2 {[%emt 0:00:11] Strongly threatening a3.} Kb4 {[%emt 0:00:19] [#]} 72. Be4 ({Don't play} 72. Qxh6 Qxf5+ 73. g4 Qd3+ 74. Kh4 Ka3 $11) (72. Qd6+ $1 $16 Kc3 73. Qe6 (73. Qxh6 Qxf5+ 74. g4 Qd3+ 75. Kh4 Kb2 $11)) 72... Be5 $11 73. Bd5 Ka3 74. Qg4 {[%emt 0:00:37] [#]} Bxg3 $1 75. Bg2 $2 (75. Qa4+ $11 {and White stays safe.} Kb2 76. Qe4) (75. Qe4 Bd6) 75... Be5 $2 (75... Bd6 $19 76. b4 a4) 76. Qf3 {[%emt 0:01:01] The position is equal.} Qxa2 77. b4+ $1 Qb3 78. Qxb3+ {[%emt 0:00:11] White really could win this.  Weighted Error Value: White=0.20 (precise) /Black=0.21 (precise)} (78. bxa5 $11 bxa5 79. Qxb3+ Kxb3 80. Bc6) 1/2-1/2

[Event "VII Totalizator Sportowy 2022"]
[Site "Bydgoszcz"]
[Date "2022.06.29"]
[Round "5.13"]
[White "Syrkiewicz, Michal"]
[Black "Chojnacki, Krzysztof"]
[Result "1/2-1/2"]
[ECO "B07"]
[WhiteElo "2000"]
[BlackElo "2371"]
[Annotator "TA"]
[PlyCount "63"]
[EventDate "2022.06.25"]
[EventType "swiss"]
[EventCountry "POL"]
[SourceTitle "playchess.com"]
[Source "ChessBase"]
[SourceQuality "1"]
[TimeControl "40/5400+30:1800+30"]

1. e4 d6 2. d4 Nf6 3. Nc3 g6 4. Be3 Bg7 5. Qd2 c6 6. Bh6 Bxh6 7. Qxh6 Qa5 8. Bd3 {[%emt 0:01:00] 8.0-0-0 deserves study.} Na6 9. Nf3 {[%emt 0:04:44] B07: Pirc Defence: Miscellaneous Systems.} Nb4 10. O-O Nxd3 11. cxd3 {[%emt 0:00:05] White is slightly better.} Qh5 {[%emt 0:00:30] [#]} 12. Qxh5 $146 ({Better is} 12. Qe3 $16) ({Predecessor:} 12. Qe3 O-O 13. h3 Kg7 14. Nd2 Bd7 15. f4 Rae8 16. g4 Qa5 17. Rac1 h6 18. Rc2 {1-0 (53) Sobolewski,J (1952)-Szopa,J (1914) ICCF email 2021}) 12... Nxh5 $11 13. g3 O-O 14. Nd2 Bh3 15. Rfe1 Rfd8 16. b4 Nf6 17. Red1 c5 18. bxc5 dxc5 19. d5 e6 20. dxe6 Bxe6 21. Nb3 b6 22. f3 Rd7 23. Kf2 (23. d4 $11) 23... Rad8 $15 24. Ke3 Kf8 (24... Ne8 $15) 25. Rd2 (25. Nc1 $11 {deserves consideration.}) 25... h5 26. h4 Ke7 27. Rad1 Rd4 28. Nxd4 (28. Kf2 $11 Bxb3 29. axb3) 28... cxd4+ $17 29. Ke2 {[%emt 0:00:02] [#] Black must now prevent Nb5.} dxc3 30. Rc2 Rd7 ({Stronger than} 30... Rc8 31. Rdc1 $15) (30... Rd4 $17 {...Ra4 is the strong threat.} 31. Rxc3 Ra4) 31. Ra1 (31. Rxc3 $11 {remains equal.} Bxa2 32. Ra1) 31... Ne8 ({Of course not} 31... Rc7 $6 32. Rac1 $15) (31... Rd4 $17) 32. Rxc3 {Weighted Error Value: White=0.31/Black=0.27 (precise)} 1/2-1/2

[Event "VII Totalizator Sportowy 2022"]
[Site "Bydgoszcz"]
[Date "2022.06.29"]
[Round "5.14"]
[White "Perkampus, Laurin"]
[Black "Zebracki, Tomasz"]
[Result "1/2-1/2"]
[ECO "D10"]
[WhiteElo "2061"]
[BlackElo "2200"]
[Annotator "NA RC"]
[PlyCount "112"]
[EventDate "2022.06.25"]
[EventType "swiss"]
[EventCountry "POL"]
[SourceTitle "playchess.com"]
[Source "ChessBase"]
[SourceQuality "1"]
[TimeControl "40/5400+30:1800+30"]

1. d4 d5 2. c4 c6 3. cxd5 cxd5 4. Nc3 e5 5. dxe5 d4 6. Ne4 Qa5+ 7. Bd2 Qxe5 8. Ng3 Nc6 9. Nf3 Qd5 10. Bc3 Be6 11. Nxd4 Nxd4 12. Qxd4 Qxd4 13. Bxd4 Bb4+ 14. Kd1 O-O-O 15. e3 Ne7 16. Bb5 a6 17. Rc1+ Kb8 18. Bc4 Nc6 19. Ne2 Bf5 20. a3 Bc5 21. Bxf7 Bxd4 22. exd4 Nxd4 23. Nxd4 Rxd4+ 24. Ke2 Rf8 25. Ba2 Re8+ 26. Kf3 Rd2 27. Rhe1 Rf8 28. Kg3 Rxb2 29. Bd5 Rd8 30. Re5 Bg6 31. Bf3 Rb3 32. Re7 Bh5 33. Rcc7 Bxf3 34. gxf3 Rf8 35. Kg4 h5+ 36. Kxh5 Rfxf3 37. Rxg7 Rxf2 38. h4 Rb5+ 39. Kg4 Rg2+ 40. Kf4 Rh2 41. Kg3 Ra2 42. Rc3 Rb1 43. Kf4 Rh2 44. Rg4 Ka7 45. Kg5 a5 46. Rc7 Rb3 47. a4 Rb4 48. Rxb4 axb4 49. Rc4 Rg2+ 50. Kf5 Rb2 51. Rc5 b3 52. Rb5 Rb1 53. Kg5 b2 54. Kh5 Ka6 55. Rb4 b6 56. Rb5 Ka7 1/2-1/2

[Event "VII Totalizator Sportowy 2022"]
[Site "Bydgoszcz"]
[Date "2022.06.29"]
[Round "5.15"]
[White "Paprocki, Jaroslaw"]
[Black "Paprocki, Antoni"]
[Result "1/2-1/2"]
[ECO "B11"]
[WhiteElo "2165"]
[BlackElo "1851"]
[Annotator "NA RC"]
[PlyCount "84"]
[EventDate "2022.06.25"]
[EventType "swiss"]
[EventCountry "POL"]
[SourceTitle "playchess.com"]
[Source "ChessBase"]
[SourceQuality "1"]
[TimeControl "40/5400+30:1800+30"]

1. e4 c6 2. Nf3 d5 3. Nc3 Bg4 4. h3 Bxf3 5. Qxf3 e6 6. d3 Nd7 7. g3 Ngf6 8. Bg2 Bc5 9. O-O O-O 10. Qd1 Bd4 11. Ne2 Bb6 12. exd5 exd5 13. b3 Re8 14. Bb2 Nf8 15. Nd4 Ne6 16. Nf5 g6 17. Nh6+ Kg7 18. Ng4 Bd4 19. Bxd4 Nxd4 20. Ne3 Qd7 21. Qd2 Rad8 22. Rae1 Nf5 23. Qc3 d4 24. Nxf5+ Qxf5 25. Qb4 Rxe1 26. Rxe1 Rd7 27. f4 Qb5 28. Qxb5 cxb5 29. Re5 Rc7 30. Rxb5 b6 31. Rb4 Rxc2 32. Ra4 a5 33. b4 axb4 34. Rxb4 Rxa2 35. Rxd4 Rd2 36. g4 Kf8 37. Rd6 Ke7 38. Rxb6 Rxd3 39. Rb7+ Rd7 40. Rb4 Rd2 41. Rb7+ Rd7 42. Rb4 Rd2 1/2-1/2